General information
- name: BNet
- type: Ladder team game (AT/RT)
- host: Battle.net
- saver: SovietUnion
map: MarketSquare
- players: 8
- length: 34:03
- speed: Fast
- version: 1.26 W3XP
- replay type: Public
» download(201 KB)
Players
team 1 (winner)
furia-mp5 (
pink | 46 APM | 1309 actions | 28:45)
7 Warden
2 Fan of Knives
1 Shadow Strike
3 Blink
1 Spirit of Vengeance
» actions
| Assign group hotkey | 33 | |
| Basic commands | 5 | |
| Build / train | 79 | |
| Enter build submenu | 20 | |
| Enter hero's abilities submenu | 7 | |
| Remove unit from queue | 2 | |
| Right click | 581 | |
| Select / deselect | 313 | |
| Select group hotkey | 150 | |
| Use ability | 119 | |
1309 total
» units
| Wisp | 33 | |
| Archer | 9 | |
| Hippogryph | 13 | |
| Glaive Thrower | 1 | |
| Chimaera | 7 | |
63 total
» upgrades
| Vorpal Blades | 1 | |
| Corrosive Breath | 1 | |
2 total
» buildings
| Moon Well | 8 | |
| Altar of Elders | 1 | |
| Ancient of War | 1 | |
| Ancient of Wonders | 1 | |
| Tree of Ages | 1 | |
| Tree of Life | 2 | |
| Hunter's Hall | 1 | |
| Ancient Protector | 5 | |
| Tree of Eternity | 1 | |
| Ancient of Wind | 2 | |
| Chimaera Roost | 3 | |
26 total
» build order
00:06 Moon Well
00:11 Altar of Elders
00:49 Ancient of War
01:26 Moon Well
02:20 Moon Well
03:01 Ancient of Wonders
03:12 Moon Well
04:12 Moon Well
04:44 Tree of Ages
05:17 Tree of Life
05:45 Hunter's Hall
07:01 Ancient Protector
07:06 Ancient Protector
07:07 Tree of Eternity
07:14 Ancient of Wind
07:15 Ancient of Wind
09:35 Chimaera Roost
09:36 Chimaera Roost
09:36 Chimaera Roost
10:04 Moon Well
10:05 Moon Well
10:07 Moon Well
13:34 Ancient Protector
14:31 Ancient Protector
14:32 Ancient Protector
24:33 Tree of Life
» items
| Scroll of Town Portal | 1 | |
| Orb of Venom | 1 | |
2 total
Lorenzpowah (
orange | 50 APM | 1639 actions | 32:58)
5 Blademaster
2 Wind Walk
3 Critical Strike
2 Shadow Hunter
1 Hex
1 Healing Wave
» actions
| Assign group hotkey | 69 | |
| Basic commands | 6 | |
| Build / train | 74 | |
| Enter build submenu | 21 | |
| Enter hero's abilities submenu | 7 | |
| Remove unit from queue | 3 | |
| Right click | 864 | |
| Select / deselect | 323 | |
| Select group hotkey | 214 | |
| Use ability | 58 | |
1639 total
» units
| Peon | 19 | |
| Grunt | 5 | |
| Wind Rider | 9 | |
| Troll Batrider | 7 | |
40 total
» upgrades
| Ranged Weapons | 3 | |
| Envenomed Spears | 1 | |
| Armor | 1 | |
| Liquid Fire | 1 | |
| Reinforced Defenses | 1 | |
7 total
» buildings
| Barracks | 1 | |
| Altar of Storms | 1 | |
| Orc Burrow | 8 | |
| Voodoo Lounge | 1 | |
| War Mill | 1 | |
| Stronghold | 5 | |
| Great Hall | 1 | |
| Watch Tower | 7 | |
| Beastiary | 5 | |
| Fortress | 1 | |
31 total
» build order
00:16 Barracks
00:21 Altar of Storms
00:28 Orc Burrow
01:45 Orc Burrow
02:26 Voodoo Lounge
02:30 War Mill
03:56 Stronghold
03:56 Stronghold
04:57 Great Hall
05:13 Watch Tower
05:48 Orc Burrow
06:38 Beastiary
07:11 Orc Burrow
08:03 Fortress
09:12 Beastiary
11:39 Orc Burrow
12:33 Orc Burrow
16:19 Beastiary
16:20 Beastiary
16:59 Beastiary
17:43 Orc Burrow
17:44 Orc Burrow
24:28 Watch Tower
24:29 Watch Tower
24:31 Watch Tower
24:33 Watch Tower
24:34 Watch Tower
24:36 Watch Tower
» items
| Healing Salve | 2 | |
| Scroll of Town Portal | 1 | |
| Orb of Lightning | 1 | |
4 total
LoveHateLove (
teal | 89 APM | 3022 actions | 34:03)
8 Blademaster
3 Wind Walk
3 Critical Strike
1 Bladestorm
1 Mirror Image
» actions
| Assign group hotkey | 213 | |
| Basic commands | 348 | |
| Build / train | 68 | |
| Enter build submenu | 40 | |
| Enter hero's abilities submenu | 9 | |
| Give item / drop item | 5 | |
| Right click | 952 | |
| Select / deselect | 306 | |
| Select group hotkey | 899 | |
| Use ability | 181 | |
3022 total
» units
| Peon | 14 | |
| Grunt | 4 | |
| Troll Batrider | 6 | |
| Wind Rider | 6 | |
30 total
» upgrades
| Spiked Barricades | 1 | |
| Ranged Weapons | 3 | |
| Reinforced Defenses | 1 | |
| Troll Regeneration | 1 | |
| Armor | 3 | |
| Liquid Fire | 1 | |
| Envenomed Spears | 1 | |
11 total
» buildings
| Orc Burrow | 6 | |
| Altar of Storms | 1 | |
| Barracks | 2 | |
| Voodoo Lounge | 1 | |
| War Mill | 2 | |
| Stronghold | 2 | |
| Watch Tower | 32 | |
| Great Hall | 1 | |
| Beastiary | 7 | |
| Fortress | 1 | |
55 total
» build order
00:12 Orc Burrow
00:42 Altar of Storms
00:52 Barracks
01:03 Barracks
01:23 Orc Burrow
01:49 Voodoo Lounge
02:25 War Mill
03:03 Stronghold
03:04 Stronghold
04:09 Watch Tower
04:12 Watch Tower
04:38 Orc Burrow
04:55 Watch Tower
05:55 Great Hall
07:12 Beastiary
07:13 Beastiary
09:05 Fortress
10:00 Watch Tower
10:01 Watch Tower
10:04 Watch Tower
10:07 Watch Tower
10:09 Watch Tower
10:56 Watch Tower
12:07 Beastiary
12:08 Beastiary
12:12 Orc Burrow
12:14 Orc Burrow
12:41 Watch Tower
12:41 Watch Tower
12:42 Watch Tower
12:43 Watch Tower
12:43 Watch Tower
12:44 Watch Tower
12:44 Watch Tower
12:45 Watch Tower
12:46 Watch Tower
12:46 Watch Tower
12:47 Watch Tower
14:58 Beastiary
15:02 Beastiary
17:58 Orc Burrow
18:42 War Mill
19:32 Beastiary
19:54 Watch Tower
19:54 Watch Tower
19:55 Watch Tower
19:55 Watch Tower
19:55 Watch Tower
19:56 Watch Tower
19:57 Watch Tower
19:57 Watch Tower
19:58 Watch Tower
19:59 Watch Tower
20:01 Watch Tower
20:01 Watch Tower
» items
| Healing Salve | 2 | |
| Boots of Speed | 1 | |
| Staff of Teleportation | 1 | |
| Periapt of Vitality | 1 | |
| Scroll of Town Portal | 4 | |
| Orb of Venom | 1 | |
| Orb of Lightning | 1 | |
11 total
USA-RULES-WOOT (
red | 50 APM | 1718 actions | 34:03)
6 Pit Lord
3 Rain of Fire
2 Cleaving Attack
1 Doom
» actions
| Assign group hotkey | 60 | |
| Basic commands | 99 | |
| Build / train | 72 | |
| Enter build submenu | 17 | |
| Enter hero's abilities submenu | 6 | |
| Give item / drop item | 1 | |
| Remove unit from queue | 2 | |
| Right click | 504 | |
| Select / deselect | 207 | |
| Select group hotkey | 614 | |
| Use ability | 136 | |
1718 total
» units
| Peasant | 13 | |
| Sorceress | 4 | |
| Priest | 1 | |
| Gryphon Rider | 2 | |
20 total
» upgrades
| Lumber Harvesting | 2 | |
| Masonry | 3 | |
| Sorceress Training | 2 | |
| Priest Training | 2 | |
| Magic Sentry | 1 | |
10 total
» buildings
| Farm | 10 | |
| Altar of Kings | 1 | |
| Scout Tower | 18 | |
| Keep | 2 | |
| Arcane Vault | 1 | |
| Arcane Tower | 1 | |
| Lumber Mill | 2 | |
| Arcane Sanctum | 2 | |
| Guard Tower | 6 | |
| Castle | 2 | |
| Town Hall | 1 | |
| Gryphon Aviary | 3 | |
49 total
» build order
00:10 Farm
00:31 Altar of Kings
01:39 Scout Tower
02:06 Keep
02:06 Keep
02:29 Arcane Vault
02:31 Arcane Tower
03:06 Lumber Mill
04:15 Scout Tower
04:16 Scout Tower
04:17 Scout Tower
04:18 Scout Tower
04:23 Farm
04:24 Farm
04:24 Farm
04:24 Farm
04:36 Arcane Sanctum
04:52 Guard Tower
05:48 Arcane Sanctum
05:51 Guard Tower
06:23 Castle
08:19 Scout Tower
08:19 Scout Tower
08:19 Scout Tower
08:22 Scout Tower
08:22 Scout Tower
09:04 Guard Tower
12:16 Guard Tower
13:03 Farm
13:03 Farm
13:04 Farm
13:05 Farm
13:06 Farm
13:38 Scout Tower
13:39 Scout Tower
13:39 Scout Tower
13:40 Scout Tower
13:40 Scout Tower
14:24 Guard Tower
14:27 Scout Tower
14:27 Scout Tower
14:27 Scout Tower
14:58 Guard Tower
15:02 Lumber Mill
19:45 Town Hall
20:19 Gryphon Aviary
20:19 Gryphon Aviary
20:20 Gryphon Aviary
» items
| Scroll of Regeneration | 4 | |
| Lesser Clarity Potion | 3 | |
| Staff of Teleportation | 1 | |
| Orb of Fire | 1 | |
| Potion of Healing | 5 | |
| Potion of Invisibility | 1 | |
| Potion of Mana | 2 | |
| Scroll of Town Portal | 2 | |
19 total
team 2 (loser)

»
sani13 (
green | 53 APM | 906 actions | 17:04)
3 Archmage
2 Summon Water Elemental
1 Blizzard
1 Death Knight
1 Death Coil
» actions
| Assign group hotkey | 19 | |
| Build / train | 97 | |
| Enter build submenu | 33 | |
| Enter hero's abilities submenu | 4 | |
| Right click | 414 | |
| Select / deselect | 225 | |
| Select group hotkey | 54 | |
| Use ability | 60 | |
906 total
» units
| Peasant | 26 | |
| Footman | 4 | |
| Crypt Fiend | 2 | |
| Gryphon Rider | 9 | |
| Acolyte | 9 | |
| Frost Wyrm | 6 | |
| Ghoul | 2 | |
58 total
» upgrades
| Creature Attack | 2 | |
| Masonry | 2 | |
| Creature Carapace | 2 | |
| Swords | 1 | |
| Lumber Harvesting | 1 | |
| Freezing Breath | 1 | |
| Storm Hammers | 1 | |
10 total
» buildings
| Altar of Kings | 1 | |
| Farm | 10 | |
| Barracks | 1 | |
| Arcane Vault | 1 | |
| Lumber Mill | 1 | |
| Town Hall | 1 | |
| Halls of the Dead | 1 | |
| Ziggurat | 4 | |
| Keep | 1 | |
| Blacksmith | 1 | |
| Black Citadel | 1 | |
| Sacrificial Pit | 1 | |
| Castle | 1 | |
| Gryphon Aviary | 3 | |
| Boneyard | 3 | |
| Scout Tower | 5 | |
| Guard Tower | 4 | |
| Nerubian Tower | 1 | |
| Spirit Tower | 2 | |
| Arcane Tower | 1 | |
44 total
» build order
00:23 Altar of Kings
00:26 Farm
01:03 Farm
01:19 Barracks
01:25 Arcane Vault
01:42 Farm
02:15 Lumber Mill
02:29 Farm
03:37 Town Hall
03:52 Halls of the Dead
04:55 Ziggurat
04:58 Ziggurat
05:08 Keep
05:33 Farm
05:36 Farm
05:39 Farm
05:42 Farm
05:56 Blacksmith
06:27 Black Citadel
07:05 Sacrificial Pit
07:13 Ziggurat
07:15 Ziggurat
07:29 Castle
08:22 Gryphon Aviary
08:29 Gryphon Aviary
08:34 Gryphon Aviary
09:30 Boneyard
09:43 Farm
09:53 Boneyard
09:56 Boneyard
10:14 Scout Tower
10:18 Scout Tower
10:24 Scout Tower
10:31 Farm
10:47 Guard Tower
10:52 Guard Tower
10:54 Guard Tower
12:35 Nerubian Tower
12:37 Spirit Tower
12:38 Spirit Tower
14:24 Scout Tower
14:28 Scout Tower
14:59 Arcane Tower
15:00 Guard Tower
» items
| Scroll of Regeneration | 4 | |
| Lesser Clarity Potion | 3 | |
| Potion of Healing | 3 | |
| Scroll of Town Portal | 1 | |
| Orb of Fire | 1 | |
12 total
ReG-Cristi (
yellow | 32 APM | 81 actions | 02:30)
» actions
| Assign group hotkey | 2 | |
| Build / train | 9 | |
| Enter build submenu | 7 | |
| Right click | 36 | |
| Select / deselect | 20 | |
| Use ability | 7 | |
81 total
» units
| Acolyte | 2 | |
| Ghoul | 2 | |
| Crypt Fiend | 3 | |
7 total
» buildings
| Graveyard | 1 | |
| Crypt | 1 | |
| Ziggurat | 2 | |
| Altar of Darkness | 1 | |
| Tomb of Relics | 1 | |
6 total
» build order
00:17 Graveyard
00:19 Crypt
00:41 Ziggurat
01:00 Altar of Darkness
01:37 Ziggurat
01:50 Tomb of Relics
SovietUnion (
blue | 95 APM | 3230 actions | 34:03)
6 Blood Mage
3 Flame Strike
2 Siphon Mana
1 Summon Phoenix
1 Death Knight
1 Unholy Aura
2 Blademaster
2 Wind Walk
» actions
| Assign group hotkey | 47 | |
| Basic commands | 37 | |
| Build / train | 220 | |
| ESC pressed | 8 | |
| Enter build submenu | 75 | |
| Enter hero's abilities submenu | 8 | |
| Give item / drop item | 4 | |
| Right click | 1402 | |
| Select / deselect | 540 | |
| Select group hotkey | 693 | |
| Use ability | 196 | |
3230 total
» units
| Peasant | 47 | |
| Footman | 7 | |
| Dragonhawk Rider | 14 | |
| Acolyte | 7 | |
75 total
» upgrades
| Masonry | 4 | |
| Defend | 1 | |
| Lumber Harvesting | 3 | |
| Swords | 3 | |
| Armor | 3 | |
| Animal War Training | 1 | |
| Cloud | 1 | |
| Creature Carapace | 1 | |
| Creature Attack | 1 | |
| Storm Hammers | 1 | |
| Ghoul Frenzy | 1 | |
| Gunpowder | 2 | |
| Plating | 2 | |
| Backpack | 1 | |
25 total
» buildings
| Altar of Kings | 1 | |
| Barracks | 1 | |
| Farm | 8 | |
| Scout Tower | 36 | |
| Arcane Tower | 7 | |
| Town Hall | 4 | |
| Arcane Vault | 3 | |
| Lumber Mill | 2 | |
| Guard Tower | 44 | |
| Keep | 3 | |
| Gryphon Aviary | 4 | |
| Blacksmith | 1 | |
| Castle | 2 | |
| Spirit Tower | 14 | |
| Ziggurat | 9 | |
| Nerubian Tower | 3 | |
142 total
» build order
00:04 Altar of Kings
00:12 Barracks
00:17 Farm
00:59 Farm
01:36 Scout Tower
01:38 Farm
02:02 Arcane Tower
02:02 Arcane Tower
02:02 Arcane Tower
03:47 Town Hall
03:51 Scout Tower
04:04 Farm
04:20 Arcane Vault
04:47 Lumber Mill
04:55 Arcane Tower
05:09 Arcane Vault
05:14 Arcane Vault
05:32 Scout Tower
05:33 Scout Tower
05:35 Scout Tower
05:40 Scout Tower
05:41 Scout Tower
06:04 Guard Tower
06:04 Guard Tower
06:04 Guard Tower
06:04 Guard Tower
06:05 Guard Tower
06:11 Guard Tower
06:11 Guard Tower
06:19 Guard Tower
06:46 Guard Tower
07:07 Scout Tower
07:09 Scout Tower
07:10 Scout Tower
07:58 Keep
08:00 Guard Tower
08:00 Guard Tower
08:27 Scout Tower
08:35 Scout Tower
08:37 Scout Tower
08:39 Scout Tower
08:40 Scout Tower
09:08 Guard Tower
09:09 Guard Tower
09:09 Guard Tower
09:11 Scout Tower
09:35 Town Hall
09:45 Guard Tower
10:06 Scout Tower
10:09 Scout Tower
10:34 Guard Tower
10:34 Guard Tower
10:35 Guard Tower
10:35 Guard Tower
11:18 Scout Tower
11:19 Scout Tower
11:20 Scout Tower
11:21 Scout Tower
11:33 Town Hall
11:50 Guard Tower
11:50 Guard Tower
11:51 Guard Tower
11:51 Guard Tower
11:51 Guard Tower
11:52 Guard Tower
11:52 Guard Tower
12:25 Gryphon Aviary
12:55 Gryphon Aviary
13:41 Blacksmith
14:19 Gryphon Aviary
14:23 Gryphon Aviary
14:27 Farm
15:13 Scout Tower
15:23 Scout Tower
15:24 Scout Tower
15:26 Scout Tower
15:27 Scout Tower
15:29 Scout Tower
16:07 Guard Tower
16:07 Guard Tower
16:07 Guard Tower
17:19 Castle
17:19 Castle
17:43 Scout Tower
17:44 Scout Tower
19:37 Farm
19:39 Farm
19:45 Farm
20:39 Scout Tower
20:53 Spirit Tower
20:53 Spirit Tower
20:53 Spirit Tower
23:32 Ziggurat
23:34 Ziggurat
23:35 Ziggurat
23:36 Ziggurat
23:38 Ziggurat
24:39 Spirit Tower
24:40 Spirit Tower
25:33 Spirit Tower
25:33 Spirit Tower
25:35 Nerubian Tower
25:35 Nerubian Tower
27:12 Lumber Mill
27:28 Ziggurat
27:31 Ziggurat
27:36 Ziggurat
27:40 Ziggurat
28:42 Guard Tower
28:51 Scout Tower
28:52 Scout Tower
28:55 Scout Tower
28:57 Scout Tower
28:59 Scout Tower
29:45 Guard Tower
30:05 Spirit Tower
30:05 Spirit Tower
30:06 Spirit Tower
30:07 Spirit Tower
31:15 Keep
31:15 Keep
31:21 Town Hall
» items
| Scroll of Regeneration | 8 | |
| Boots of Speed | 1 | |
| Staff of Teleportation | 1 | |
| Potion of Invisibility | 1 | |
| Lesser Clarity Potion | 1 | |
| Potion of Healing | 4 | |
| Scroll of Healing | 1 | |
| Potion of Lesser Invulnerability | 1 | |
18 total
FilipAntonio (
purple | 29 APM | 500 actions | 17:11)
3 Blademaster
1 Wind Walk
2 Critical Strike
» actions
| Build / train | 33 | |
| Enter build submenu | 23 | |
| Enter hero's abilities submenu | 3 | |
| Remove unit from queue | 5 | |
| Right click | 281 | |
| Select / deselect | 133 | |
| Use ability | 22 | |
500 total
» units
» upgrades
| Melee Weapons | 1 | |
| Armor | 1 | |
| Pulverize | 1 | |
3 total
» buildings
| Altar of Storms | 1 | |
| Orc Burrow | 8 | |
| Barracks | 1 | |
| Voodoo Lounge | 1 | |
| Stronghold | 1 | |
| War Mill | 1 | |
| Fortress | 1 | |
| Great Hall | 1 | |
| Tauren Totem | 2 | |
| Watch Tower | 2 | |
| Beastiary | 1 | |
20 total
» build order
00:10 Altar of Storms
00:26 Orc Burrow
00:50 Barracks
01:39 Orc Burrow
02:18 Voodoo Lounge
03:06 Stronghold
03:18 War Mill
04:55 Orc Burrow
05:45 Orc Burrow
05:48 Fortress
07:05 Great Hall
08:17 Tauren Totem
08:27 Tauren Totem
08:36 Orc Burrow
08:43 Orc Burrow
11:26 Orc Burrow
11:32 Orc Burrow
12:51 Watch Tower
14:33 Watch Tower
15:39 Beastiary
» items
Chat log
(00:27 / All) SovietUnion: United forever in friendship and labour. Our mighty republics will ever endure. A dream of a people, their fortress secure
(00:42 / All) SovietUnion: Long live our friendship, tired by fire. Long may our crimson flag inspire
(00:49 / All) SovietUnion: Long live the Soviet motherland, built by the people's mighty hand
(00:52 / Allies) sani13: yes we can
(01:06 / All) USA-RULES-WOOT: is usa the best country ever, with the best leader ever in george w bush
(01:08 / All) USA-RULES-WOOT: i think so
(01:11 / All) SovietUnion: Stalin our leader with faith in the people inspired us to build the land that we love
(01:59 / All) SovietUnion: We fought for our future, destroyed our invaders. Moved our homeland in the laurels of flame
(02:10 / All) Lorenzpowah: play you stupid sowjet
(02:30 / All) FilipAntonio: Avicii
(02:34 / All) SovietUnion: Long live our Soviet motherland, built by the people's mighty hand.
(02:41 / All) LoveHateLove: I came I saw I ran in terror
(02:47 / Allies) FilipAntonio: Who control?
(02:48 / All) SovietUnion: Strong in our friendship tried in fire
(02:52 / All) SovietUnion: Long may our crimson flag inspire
(04:31 / Allies) FilipAntonio: Who control yellow?
(12:21 / Allies) sani13: wood
(13:52 / All) Lorenzpowah: they mass air
(14:10 / All) LoveHateLove: PRIDE AND GLORY
(14:12 / All) SovietUnion: Are you just going to keep your wyverns on that hall and waste time you could spend with your army doing something else?
(14:33 / Allies) SovietUnion: wood
(16:44 / Allies) sani13: fuck you asshole
(16:56 / Allies) SovietUnion: Why are you mad at me? lol
(17:26 / All) Lorenzpowah: obviously
(17:30 / All) Lorenzpowah: the soviet union sucks
(17:46 / All) SovietUnion: watch for kgb spies
(18:09 / All) Lorenzpowah: wood please
(18:48 / All) LoveHateLove: wood me pink and I will help you...
(18:54 / All) LoveHateLove: help you die
(19:26 / All) SovietUnion: The Union bides its time for the inevitable
(19:30 / All) SovietUnion: 'cause Voroshilov's with us
(20:22 / All) SovietUnion: lol
(22:08 / All) SovietUnion: I told you about the KGB spies
(22:26 / All) SovietUnion: You should have listened
(22:56 / All) LoveHateLove: USA ALL DAY BABY
(25:15 / All) Lorenzpowah: well whatever
(25:17 / All) USA-RULES-WOOT: MUSSOLINI WAS RIGHT
(25:18 / All) Lorenzpowah: in the end usa won
(25:29 / All) SovietUnion: The glorious USSR wins this round, sir
(25:57 / All) LoveHateLove: USA
(25:58 / All) LoveHateLove: USA
(25:59 / All) LoveHateLove: USA
(26:27 / All) USA-RULES-WOOT: RUSSIA #1
(26:36 / All) USA-RULES-WOOT: SCHOLSCHY #1
(26:41 / All) LoveHateLove: NORTH AMERICAN MIGHT| YO
(28:59 / All) USA-RULES-WOOT: 30 ARMOR ON teal bm incoming
(29:43 / All) LoveHateLove: 24
(29:44 / All) USA-RULES-WOOT: 24
(29:50 / All) USA-RULES-WOOT: cross our fingers for ring
(29:51 / All) LoveHateLove: and 2 rings of regen
(29:58 / All) USA-RULES-WOOT: aww
(30:42 / All) USA-RULES-WOOT: gay dagger
(30:57 / All) Lorenzpowah: okay on a scale between 1 and 10
(31:00 / All) Lorenzpowah: how retarded are you?
(31:04 / All) USA-RULES-WOOT: 11
(31:08 / All) USA-RULES-WOOT: I AM VILLAGE IDIOT
(31:09 / All) LoveHateLove: 10 being the highest?
(31:11 / All) LoveHateLove: 1
(31:16 / All) USA-RULES-WOOT: THEY ARE TESLA AND ELVIS
(31:17 / All) LoveHateLove: I'm a very brilliant man
(31:27 / All) LoveHateLove: Honestly, I think I'm the best at everything
(31:39 / All) Lorenzpowah: yea
(31:43 / All) Lorenzpowah: especially in wasting time
(31:48 / All) LoveHateLove: I'm rock in my opinion
(31:57 / All) Lorenzpowah: and blue is too stupid to creep
(32:05 / All) LoveHateLove: is it not a waste if you play warcraft 4v4 RT to win?
(32:12 / All) SovietUnion: I creeped two expos at the satrt
(32:13 / All) Lorenzpowah: nah because of the pic
(32:16 / All) SovietUnion: and my green camp with the mage
(32:30 / All) Lorenzpowah: ye and your bm almost dieed at the red creep
(32:35 / All) Lorenzpowah: because youre a retarded noob
(32:38 / All) SovietUnion: lol
(32:49 / All) SovietUnion: is the only ground unit
(32:50 / All) SovietUnion: creeps focus it
(32:54 / All) Lorenzpowah: well
(32:55 / All) Lorenzpowah: cheers
(32:58 / All) SovietUnion: had to mass aa versus your shitty chippo build
(33:00 / All) SovietUnion: That all ne do
(33:14 / All) LoveHateLove: Which team lose
(33:20 / All) LoveHateLove: we only have 2 legit players
(33:21 / All) LoveHateLove: stats em
(33:30 / All) SovietUnion: green 2466-2631
(33:30 / All) USA-RULES-WOOT: ONE time we should try get a lvl 3 pally wiht devotuion aura, frost armor lvl 3 from lich, inner fire, and rings to lik e80 arm
(33:37 / All) SovietUnion: yellow is 25-39
(33:46 / All) SovietUnion: purple 1-3
(33:51 / All) LoveHateLove: I think green and yellow should get lose
(33:56 / All) LoveHateLove: I embarrassed green with BM
(33:57 / All) SovietUnion: kk
(34:01 / All) LoveHateLove: then I raped their air and made them quit